 Dungeon Crawl Stone Soup version 0.20-a0-77-g476458c (webtiles) character file.

59 KristoblXynda the Charmwright (level 3, 0/43 HPs)
             Began as a Draconian Skald on Nov 19, 2016.
             Succumbed to an adder's poison
             ... on level 2 of the Dungeon.
             The game lasted 00:03:21 (1829 turns).

KristoblXynda the Charmwright (Draconian Skald)     Turns: 1829, Time: 00:03:21

Health: 0/43       AC: 21    Str: 14    XL:     3   Next: 78%
Magic:  6/6        EV:  2    Int: 13    God:
Gold:   107        SH:  0    Dex: 10    Spells: 2 memorised, 2 levels left

rFire  . . .     SeeInvis .     a - +0 hand axe
rCold  . . .     Gourm    .     (armour unavailable)
rNeg   + + +     Faith    .     (no shield)
rPois  +         Spirit   .     (helmet currently unavailable)
rElec  .         Reflect  .     (cloak currently unavailable)
rCorr  .         Harm     .     (gloves currently unavailable)
MR     .....     NoTele   +     (boots currently unavailable)
Stlth  +.........               (no amulet)
                                (no ring)
                                (no ring)

@: lethally poisoned (0 -> -1), tree-form
A: unfitting armour, (cold-blooded), AC +5
a: no special abilities


You were on level 2 of the Dungeon.
You were very full.
You were a tree.
You visited 1 branch of the dungeon, and saw 2 of its levels.

You collected 107 gold pieces.

Inventory:

Hand Weapons
 a - a +0 hand axe (weapon)
Armour
 j - a +0 cloak (melded)
Jewellery
 i - an uncursed ring of protection from cold {unknown}
Scrolls
 d - 2 scrolls of enchant armour {unknown}
 n - a scroll of blinking {unknown}
 o - a scroll of magic mapping {unknown}
Potions
 e - a potion of magic
 f - a potion of brilliance
 k - a potion of haste
Books
 b - a book of Battle

   Spells                             Type                      Level
   a - Infusion                       Charms                       1
   b - Shroud of Golubria             Charms/Translocation         2
   c - Song of Slaying                Charms                       2
   d - Spectral Weapon                Hexes/Charms                 3
   e - Regeneration                   Charms/Necromancy            3
Comestibles
 c - a bread ration
 g - a meat ration
 h - a chunk of flesh


   Skills:
 - Level 2.1 Fighting
 + Level 2.8 Axes
 + Level 2.4 Dodging
 - Level 2.0 Spellcasting
 + Level 3.3 Charms


You had 2 spell levels left.
You knew the following spells:

 Your Spells              Type           Power        Failure   Level  Hunger
a - Infusion              Chrm           #...         10%         1    ##.....
b - Regeneration          Chrm/Necr      #.........   38%         3    ####...


Dungeon Overview and Level Annotations

Branches:
Dungeon (2/15)

Altars:
Sif Muna
Trog


Innate Abilities, Weirdness & Mutations

((Your plain brown scales are hard. (AC +5)))
You cannot fit into any form of body armour.
((You are cold-blooded and may be slowed by cold attacks.))


Message History

Unknown command.
You start eating the fruit.
* * * LOW HITPOINT WARNING * * *
You feel sick.
That choko was very bland.
Unknown command.
There is a lethal amount of poison in your body!
There is a lethal amount of poison in your body!
* * * LOW HITPOINT WARNING * * *
You feel sick.
* * * LOW HITPOINT WARNING * * *
You feel sick.
You turn into a tree.
Your +0 cloak melds into your body.
Your roots penetrate the ground.
Unknown command.
There is a lethal amount of poison in your body!
Unknown command.
* * * LOW HITPOINT WARNING * * *
You feel sick.
You die...

##................####.##.##.
#)..........)#.#### #.......
#_.#.#.#.#.8##.## ###..###
##.#.#_###.##...# #.##
####### ####...# #.# #...#
#.# #####...#### #.#
.##.#.†.........####.####
..(.....♣.............<..
###.#...........#.#.#†#..
###.#...#.###..###...
#.#...#.# #.## ##.. #.#...# #
#..###... #.#...# #...#....
#.##.## ##.#...#. ## #(. ..
#........ #. #..#.#...


There were no monsters in sight!

Vanquished Creatures
  2 adders (D:2)
  An ooze (D:1)
  2 dart slugs
  A leopard gecko (D:1)
  3 goblins
  4 hobgoblins
  2 jackals (D:1)
  6 kobolds
  4 bats
  2 frilled lizards (D:1)
  8 rats
35 creatures vanquished.

Notes
Turn   | Place    | Note
-------+----------+-------------------------------------------
     0 | D:1      | KristoblXynda the Draconian Skald began the quest for the Orb.
     0 | D:1      | Reached XP level 1. HP: 17/17 MP: 3/3
   185 | D:1      | Reached XP level 2. HP: 23/24 MP: 5/5
   204 | D:1      | Reached skill level 3 in Charms
   852 | D:1      | Reached XP level 3. HP: 26/29 MP: 6/6
  1397 | D:2      | Learned a level 3 spell: Regeneration
  1759 | D:2      | Found a deep blue altar of Sif Muna.
  1759 | D:2      | Found a bloodstained altar of Trog.
  1821 | D:2      | HP: 1/29 [poisoned by an adder]
  1829 | D:2      | Succumbed to an adder's poison

Vault maps used:
D:1:      wheals_arrival_linesprint
D:2:      minitemple, uniq_jessica

Skill      XL: |  1  2 |
---------------+-------+-----
Dodging        | 2 |  2.4
Charms         | 3 |  3.3
Fighting       | |  2.1
Axes           | |  2.8
Spellcasting   | |  2.0

Action                   || total
-------------------------++-------
Melee: Hand axe          ||    93
       Tailslap          ||     9
  Use: Scroll            ||     6
       Potion            ||     2
 Stab: Sleeping          ||     2
  Eat: Fruit             ||     3
       Chunk             ||     3
       Meat ration       ||     1
Armor: Skin              ||    48
Dodge: Dodged            ||    72
